 Dungeon Crawl Stone Soup version 0.18.1-6-gd335043 (webtiles) character file.

826 NoLuckNoSkill the Cudgeler (level 7, -6/56 HPs)
             Began as a Mummy Chaos Knight on May 17, 2016.
             Mangled by an orc warrior
             ... wielding a +0 glaive
              (16 damage)
             ... on level 5 of the Dungeon.
             The game lasted 00:10:04 (4833 turns).

NoLuckNoSkill the Cudgeler (Mummy Chaos Knight)     Turns: 4833, Time: 00:10:04

Health: -6/56      AC:  8    Str: 17    XL:     7   Next: 64%
Magic:  7/7        EV: 11    Int: 12    God:    Xom [....*.]
Gold:   319        SH:  4    Dex: 11    Spells: 0 memorised, 6 levels left

rFire  x . .     SeeInvis .     a - +0 mace (chaos)
rCold  + . .     Gourm    .     b - +2 leather armour
rNeg   + + +     Faith    .     (no shield)
rPois  ∞         Spirit   .     (no helmet)
rElec  .         Dismiss  .     o - +0 cloak {rPois}
rCorr  +         Reflect  +     p - +1 pair of gloves
SustAt .         Harm     .     (no boots)
MR     .....     Rnd*Tele +     l - +4 amulet of reflection
Stlth  +.........               r - ring of teleportation (curse)
                                g - ring of resist corrosion

@: not resistant to hostile enchantments, very unstealthy
A: no food or potions, fire vulnerability, cold resistance 1, negative energy
resistance 3, torment resistance, unbreathing
a: Renounce Religion


You were on level 5 of the Dungeon.
You worshipped Xom.
You were a beloved toy of Xom.
You were not hungry.

You visited 1 branch of the dungeon, and saw 6 of its levels.

You collected 319 gold pieces.

Inventory:

Hand Weapons
 a - a +0 mace of chaos (weapon)
Armour
 b - a +2 leather armour (worn)
 o - a +0 cloak of poison resistance (worn)
 p - a +1 pair of gloves (worn)
Jewellery
 g - a ring of resist corrosion (left hand)
 j - an uncursed ring of magical power
 l - a +4 amulet of reflection (around neck)
 q - an uncursed amulet of regeneration {unknown}
 r - a cursed ring of teleportation (right hand)
Scrolls
 c - a scroll of blinking {unknown}
 d - a scroll of immolation {unknown}
 e - 2 scrolls of remove curse {unknown}
 f - a scroll of recharging {unknown}
 h - 4 scrolls of noise {unknown}
 i - 5 scrolls of identify {unknown}
 k - a scroll of random uselessness {unknown}
 m - a scroll of teleportation {unknown}
 n - a scroll of amnesia {unknown}


   Skills:
 + Level 5.6 Fighting
 * Level 6.5 Maces & Flails
 - Level 1.5 Armour
 - Level 0.7 Dodging


You had 6 spell levels left.
You didn't know any spells.

Dungeon Overview and Level Annotations

Branches:
Dungeon (6/15)
 Temple: D:4-7

Altars:
Cheibriados
Pakellas
Ru
Trog
Zin


Innate Abilities, Weirdness & Mutations

You do not eat or drink.
Your flesh is vulnerable to fire.
You are immune to poison.
Your flesh is cold resistant.
You are immune to negative energy.
You are immune to unholy pain and torment.
You can survive without breathing.


Message History

You climb downwards.
Your summoned ally is left behind.
The orc warrior hits you with a glaive!!
* * * LOW HITPOINT WARNING * * *
There is a stone staircase leading up here.
Unknown command.
Unknown command.
Unknown command.
The orc warrior hits you with a glaive.
* * * LOW HITPOINT WARNING * * *
The orc priest barely misses you.
You climb upwards.
There is a stone staircase leading down here.
Unknown command.
Unknown command.
Unknown command.
Unknown command.
Unknown command.
Unknown command.
The orc warrior hits you from afar with a glaive!
You die...

#.######.# #.(....#.#
#########.#.# #.........#.#
#############.######..#.#
#.............## #..#.#
###.##....o.)..#####..#.#####
#.##.....>o..'.....<.......
#.##.....(@..#####.......##
#..'.........# #........#
####.........# #........#
#.........# #.......†##
####......# #..........
#......####........).
#......'...........≈.
#......#####......≈≈♣
###..............♣≈≈♣


You could see an orc warrior, an orc priest and a friendly giant spiked club.

Vanquished Creatures
  A sky beast (D:5)
  A phantom (D:5)
  The ghost of ThereIsNoGod the Sneak, an amateur OpAs (D:4)
  A crimson imp (D:5)
  A hound (D:4)
  A quasit (D:3)
  A jelly (D:5)
  An orc wizard (D:3)
  An iguana (D:4)
  3 worker ants (D:5)
  4 adders
  3 gnolls
  A giant gecko (D:3)
  10 orcs
  3 ball pythons
  7 bats
  8 giant cockroaches
  7 goblins
  8 hobgoblins
  16 jackals
  7 giant newts
  A jackal skeleton (D:5)
  19 kobolds
  7 rats
113 creatures vanquished.

Vanquished Creatures (collateral kills)
  An ogre (D:5)
  A killer bee (D:5)
  A howler monkey (D:5)
  A centaur skeleton (D:5)
  A worker ant (D:4)
5 creatures vanquished.

Grand Total: 118 creatures vanquished

Notes
Turn   | Place    | Note
--------------------------------------------------------------
     0 | D:1      | NoLuckNoSkill the Mummy Chaos Knight began the quest for the Orb.
     0 | D:1      | Reached XP level 1. HP: 18/18 MP: 1/1
   119 | D:1      | XOM: potion effect (haste)
   128 | D:1      | Reached XP level 2. HP: 16/24 MP: 2/2
   174 | D:1      | XOM: god gift: 22 gold pieces
   301 | D:1      | XOM: god gift: 31 gold pieces
   467 | D:1      | Reached skill level 3 in Maces & Flails
   470 | D:1      | XOM: mild Pois miscast
   671 | D:2      | XOM: harmless Hex miscast
   675 | D:2      | Reached XP level 3. HP: 15/29 MP: 3/3
   989 | D:2      | Found an oddly glowing altar of Pakellas.
  1607 | D:3      | XOM: 1-stop teleportation journey
  1620 | D:3      | XOM: harmless Divn miscast
  1678 | D:3      | Reached XP level 4. HP: 18/37 MP: 4/4
  1877 | D:3      | XOM: harmless Hex miscast
  1888 | D:3      | Reached skill level 4 in Maces & Flails
  2200 | D:3      | XOM: god gift: scroll labeled POQACIAKAO
  2240 | D:3      | Reached XP level 5. HP: 40/42 MP: 5/5
  2251 | D:3      | Identified a scroll of acquirement
  2312 | D:3      | XOM: vitrification
  2329 | D:3      | XOM: smoke on damage
  2498 | D:3      | XOM: god gift: smoky puce potion
  2550 | D:4      | Noticed ThereIsNoGod's ghost (amateur OpAs)
  2565 | D:4      | Killed ThereIsNoGod's ghost
  2619 | D:4      | XOM: blink monster(s)
  2635 | D:4      | Reached XP level 6. HP: 27/49 MP: 6/6
  2845 | D:4      | XOM: smoke on damage
  2846 | D:4      | XOM: medium Erth miscast
  2846 | D:4      | HP: 1/49 [something (4)]
  3019 | D:3      | XOM: vitrification
  3056 | D:3      | XOM: harmless Pois miscast
  3155 | D:4      | Reached skill level 5 in Maces & Flails
  3269 | D:4      | XOM: 2-stop teleportation journey
  3491 | D:4      | XOM: colour smoke trail
  3499 | D:4      | XOM: summons friendly shadow imp
  3592 | D:5      | Entered Level 5 of the Dungeon
  3700 | D:5      | Noticed a sky beast
  3714 | D:5      | XOM: divination: detect creatures
  3726 | D:5      | Killed a sky beast
  3726 | D:5      | Reached skill level 5 in Fighting
  3846 | D:5      | XOM: cast spell 'Summon Butterflies'
  3988 | D:5      | XOM: 4-stop teleportation journey
  4078 | D:5      | Reached XP level 7. HP: 52/56 MP: 7/7
  4204 | D:5      | XOM: snakes to sticks
  4207 | D:5      | XOM: confusion (+ monsters)
  4279 | D:5      | XOM: scenery: 3 doors open
  4341 | D:5      | XOM: smoke on damage
  4355 | D:5      | Reached skill level 6 in Maces & Flails
  4412 | D:5      | XOM: 3-stop teleportation journey
  4531 | D:5      | XOM: smoke on damage
  4539 | D:5      | Found a snail-covered altar of Cheibriados.
  4539 | D:5      | XOM: vitrification
  4820 | D:6      | Found a bloodstained altar of Trog.
  4820 | D:6      | Found a sacrificial altar of Ru.
  4820 | D:6      | Found a glowing silver altar of Zin.
  4833 | D:5      | Mangled by an orc warrior

Skill      XL: |  1  2  3  4  5  6  7 |
---------------+----------------------+-----
Maces & Flails | 3 4 5 6 |  6.5
Fighting       | 4 5 |  5.6
Armour         | |  1.5
Dodging        | |  0.7

Action                   |  1- 3 |  4- 6 |  7- 9 || total
-------------------------+-------+-------+-------++-------
Melee: Mace              |   152 |   209 |    93 ||   454
  Use: Scroll            |       |     1 |       ||     1
 Stab: Sleeping          |     1 |       |       ||     1
       Confused          |       |     2 |       ||     2
       Paralysed         |       |     6 |       ||     6
Armor: Leather armour    |    83 |    69 |    35 ||   187
Dodge: Dodged            |   153 |   128 |    45 ||   326
Block: Other             |       |    36 |    14 ||    50
       Reflection        |       |     2 |       ||     2
